Map: Abyssal Reef LE

Players

urubag

  • Race: Terran Terran
  • Spawn Location: 5:00

Metasapien - Winner!

  • Race: Zerg Zerg
  • League: Platinum
  • Spawn Location: 11:00

VOD

Have the link to the VOD?

Description

Time

  • Played on: Sept. 17, 2017, 8:09 p.m.
  • Length: 12:16
Show
View Real Time Build Order
Export as new Build Order

urubag Terran 

Build Orders:  

Get SALT Encoding   

  12  0:02  SCV  
  13  0:14  SCV  
  14  0:20  Supply Depot  
  14  0:59  Command Center  
  14  1:07  Barracks  
  14  1:11  SCV  
  15  1:23  SCV  
  16  1:25  Refinery  
  16  1:39  SCV  
  17  1:47  Engineering Bay  
  18  2:00  Orbital Command  
  17  2:22  Barracks  
  17  2:30  Bunker  
  17  2:32  Marine  
  17  2:36  SCV  
  19  2:48  SCV  
  19  2:49  Marine  
  21  2:57  Factory  
  21  3:00  SCV  
  22  3:11  SCV  
  22  3:12  SCV  
  24  3:19  Barracks Reactor  
  24  3:23  SCV  
  24  3:24  SCV  
  26  3:28  Barracks Tech Lab  
  26  3:30  Supply Depot  
  26  3:34  Missile Turret  
  26  3:36  SCV  
  27  3:45  Factory Reactor  
  27  3:58  Barracks  
  27  4:02  Refinery  
  27  4:03  SCV  
  27  4:08  Orbital Command  
  28  4:15  SCV  
  28  4:16  Refinery  
  29  4:23  Marine x2  
  31  4:27  SCV  
  31  4:29  Reaper  
  33  4:39  SCV  
  33  4:42  Hellion x2  
  38  4:46  Supply Depot  
  38  4:48  Barracks Reactor  
  38  4:51  SCV  
  39  5:01  Missile Turret, Reaper  
  40  5:33  Reaper  
  37  5:58  Widow Mine  
  37  5:59  Widow Mine  
  41  6:05  Reaper  
  42  6:11  Starport  
  42  6:23  Bunker  
  42  6:24  Marine x2  
  44  6:27  Widow Mine x2  
  48  6:41  Marine x2  
  50  6:52  Starport Reactor  
  50  6:55  Widow Mine  
  50  6:56  Widow Mine  
  50  6:59  Marine x2  
  52  7:17  Marine x2  
  52  7:18  Missile Turret  
  54  7:24  Widow Mine  
  54  7:28  Widow Mine  
  53  7:35  Marine x2  
  43  8:19  Widow Mine  
  43  8:20  Widow Mine  
  47  8:28  Medivac x2  
  47  8:32  Marine x4  
  47  8:33  Marine  
  52  8:36  Terran Infantry Armor Level 1  
  52  8:48  Widow Mine x2  
  52  8:49  Marine  
  52  8:50  Marine x4  
  61  9:07  Marine  
  61  9:08  Marine x4  
  66  9:16  Widow Mine  
  66  9:17  Widow Mine  
  70  9:49  Supply Depot  
  70  9:55  Supply Depot  
  70  9:57  Marine  
  70  10:10  Widow Mine x2, Marine x4  
  70  10:12  Supply Depot  
  78  10:17  Marine  
  79  10:28  Marine x4  
  79  10:34  Marine  
  84  10:42  Medivac x2  
  88  10:46  Marine x4  
  92  10:52  Marine  
  93  11:04  Marine  
  94  11:24  Marine x2, Supply Depot  
  94  11:26  Medivac, Widow Mine, Marine x2  
  94  11:35  Medivac, Widow Mine  
  85  11:42  Marine  
  85  11:45  Marine  
Show
View Real Time Build Order
Export as new Build Order

Metasapien Zerg - Winner!

Build Orders: Pool First 

Get SALT Encoding   

  12  0:01  Drone  
  13  0:22  Spawning Pool  
  13  0:26  Drone  
  13  0:30  Extractor  
  13  0:33  Drone  
  13  0:41  Overlord  
  13  0:53  Drone  
  14  1:01  Drone x2  
  16  1:28  Hatchery  
  16  1:30  Drone  
  16  1:37  Metabolic Boost  
  16  1:43  Drone  
  17  1:51  Drone  
  17  1:52  Drone  
  19  1:55  Drone  
  20  2:24  Overlord, Hatchery  
  20  2:28  Zergling x2  
  20  2:34  Zergling x2  
  21  2:43  Queen  
  23  2:51  Queen  
  25  2:54  Drone  
  25  2:58  Drone  
  27  3:03  Drone  
  27  3:04  Drone  
  29  3:08  Drone  
  29  3:11  Drone  
  30  3:23  Overlord, Drone x2  
  32  3:32  Roach Warren  
  31  3:34  Extractor  
  30  3:41  Queen  
  32  3:50  Drone x2  
  32  3:54  Drone x2  
  36  4:06  Drone x3  
  36  4:09  Overlord  
  39  4:10  Drone  
  39  4:15  Spine Crawler  
  39  4:18  Drone  
  40  4:32  Drone x4  
  40  4:34  Extractor  
  40  4:36  Extractor, Lair  
  42  4:43  Roach x2  
  42  4:44  Roach x2  
  50  4:48  Zergling x4  
  52  4:59  Spore Crawler  
  51  5:02  Drone  
  51  5:03  Drone x4  
  56  5:08  Drone x2  
  58  5:17  Overlord x2  
  58  5:35  Spine Crawler  
  56  5:47  Drone x3  
  56  5:48  Drone x3  
  56  5:49  Roach x2  
  70  5:50  Overlord x2, Roach x2  
  70  5:51  Zergling x4  
  70  5:52  Zergling x2  
  73  6:01  Drone  
  73  6:03  Overlord  
  74  6:09  Hydralisk Den  
  71  6:12  Infestation Pit  
  71  6:16  Ravager x2  
  71  6:18  Roach x3  
  77  6:19  Roach x2  
  77  6:21  Zergling x4  
  77  6:22  Zergling x2  
  84  6:32  Drone  
  85  6:33  Drone x2  
  85  6:34  Drone  
  85  6:35  Drone x3  
  85  6:37  Extractor  
  90  6:40  Extractor  
  90  6:42  Drone x2  
  91  6:50  Pneumatized Carapace  
  91  6:52  Drone x2  
  91  6:53  Overlord x2  
  93  7:07  Hydralisk  
  98  7:11  Overlord x2  
  98  7:12  Zergling x12  
  90  7:36  Roach x5  
  101  7:42  Zergling x2  
  102  7:50  Overseer  
  102  7:55  Glial Reconstitution  
  102  8:00  Hatchery  
  90  8:13  Burrow  
  90  8:15  Roach, Hydralisk x3  
  90  8:16  Roach x2, Hydralisk x3  
  90  8:17  Roach x3, Hydralisk  
  116  8:29  Drone x2  
  116  9:00  Hatchery  
  115  9:03  Drone x3  
  115  9:04  Drone  
  115  9:09  Overlord x2  
  119  9:10  Overlord x3  
  119  9:13  Drone, Infestor x3, Hydralisk x2  
  119  9:14  Roach x2, Hydralisk  
  136  9:27  Queen, Evolution Chamber  
  136  9:28  Evolution Chamber, Overseer  
  136  9:29  Overseer  
  136  9:33  Queen x2  
  141  9:38  Drone x2  
  141  9:39  Drone  
  141  9:40  Overlord  
  141  9:41  Overlord x2  
  143  9:59  Ravager  
  145  10:00  Ravager x4  
  145  10:06  Zerg Ground Armor Level 1, Zerg Missile Weapons Level 1  
  148  10:28  Drone x2  
  150  10:32  Swarm Host  
  150  10:33  Hydralisk x2  
  150  10:34  Roach, Hydralisk x3  
  150  10:35  Roach x2  
  178  10:42  Hydralisk x2  
  178  10:43  Roach x2  
  178  10:44  Infestor x2  
  178  10:45  Hydralisk x2  
  194  10:51  Muscular Augments  
  194  11:02  Drone  
  195  11:06  Extractor  
  195  11:09  Extractor  
Tags
 
Add a new tag
Caveats
  • Supply blocks, unpowered buildings, or Contaminate may cause inaccurate times.
  • Supply counts are checked every 10 seconds.